Cape Breton Oilers vs Niagara IceDogs
Created - Wednesday, April 5, 2023 at 07:32
Goals
|
| Cape Breton Oilers |
0 |
1 |
2 |
3 |
| Niagara IceDogs |
0 |
3 |
1 |
4 |
|
Shots
|
| Cape Breton Oilers |
10 |
6 |
9 |
25 |
| Niagara IceDogs |
6 |
21 |
15 |
42 |
|
1st period
No Goal
Penalties :
Parker Kelly (CBO) for Hooking (Minor) at 11:07
2nd period
1. Niagara IceDogs , James Hamblin 4 (Tim Soderlund 3, Nicholas Robertson 4) at 3:43
2. Niagara IceDogs , Nicholas Robertson 2 (Conor Timmins 5, Dylan Ferguson) at 6:18
3. Cape Breton Oilers , Alexey Toropchenko 11 (Egor Afanasyev 10) at 11:30
4. Niagara IceDogs , Jayden Halbgewachs 7 (Alex Whelan 8, Chase Pearson 8) at 17:58
Penalties :
Alex Whelan (NID) for Tripping (Minor) at 8:40, Marcus Pettersson (CBO) for Slashing (Minor) at 8:46, Luke Evangelista (CBO) for Hooking (Minor) at 18:40, Arttu Ruotsalainen (NID) for High sticking (Minor) at 18:50
3rd period
5. Cape Breton Oilers , Alexey Toropchenko 12 (Egor Afanasyev 11) at 1:15
6. Niagara IceDogs , James Hamblin 5 (Filip Kral 3) at 4:03
7. Cape Breton Oilers , Hudson Fasching 4 (Philip Broberg 5, Will Cuylle 1) at 13:18
Penalties :
Parker Kelly (CBO) for Hooking (Minor) at 1:30, Anthony Angello (NID) for Fighting (Major) at 4:20, Parker Kelly (CBO) for Fighting (Major) at 4:20, Max Jones (CBO) for Holding (Minor) at 6:14, Juuso Valimaki (CBO) for Diving (Minor) at 6:42, Vasili Ponomarev (NID) for Fighting (Major) at 13:25, Parker Kelly (CBO) for Fighting (Major) at 13:25
Goalie Stats
Matthew Villalta (CBO), 38 saves from 42 shots - (0.905), L, 6-9-2, 60:00 minutes
Dylan Ferguson (NID), 22 saves from 25 shots - (0.880), W, 3-0-0, 60:00 minutes
Players Stats for Cape Breton Oilers
Player Name G A P +/- PIM S H SB GA TA FO MP PP MP PK MP
------------------------------------------------------------------------------------
Alexey Toropchenko 2 0 2 2 0 3 0 0 2 1 0/0 17:10 0:00 1:22
Brandon Gignac 0 0 0 0 0 1 1 0 1 0 0/0 6:02 0:00 0:55
Carl Grundstrom 0 0 0 -1 0 4 0 0 1 1 3/5 23:51 0:16 2:23
Egor Afanasyev 0 2 2 2 0 2 0 1 0 0 6/10 17:01 0:00 0:57
Hudson Fasching 1 0 1 -2 0 4 2 1 4 0 0/0 13:41 0:00 0:00
J.D. Greenway 0 0 0 -1 0 0 0 0 0 0 0/0 5:05 0:00 0:18
Jack McBain 0 0 0 -1 0 4 1 0 0 1 13/28 24:42 0:16 2:34
Juuso Valimaki 0 0 0 -1 2 2 1 1 0 2 0/1 24:14 0:06 2:44
Kevin Bahl 0 0 0 1 0 1 3 1 0 0 0/0 20:09 0:10 2:42
Kody Clark 0 0 0 -2 0 0 2 0 1 0 2/4 13:58 0:00 0:00
Leon Gawanke 0 0 0 0 0 0 0 0 0 0 0/0 13:55 0:00 0:56
Luke Evangelista 0 0 0 2 2 0 0 0 0 0 0/1 11:17 0:10 0:00
Marcus Pettersson 0 0 0 -2 2 0 1 0 0 0 0/0 25:17 0:05 3:53
Max Jones 0 0 0 0 2 0 0 0 0 0 0/0 7:29 0:00 1:18
Parker Kelly 0 0 0 -1 14 2 0 2 0 3 0/2 16:12 0:06 0:06
Philip Broberg 0 1 1 0 0 0 0 0 0 0 0/0 14:16 0:00 0:06
Vladislav Kolyachonok 0 0 0 1 0 2 3 4 0 0 0/0 19:37 0:10 2:42
Will Cuylle 0 1 1 -2 0 0 1 0 0 1 1/1 14:02 0:00 2:16
Players Stats for Niagara IceDogs
Player Name G A P +/- PIM S H SB GA TA FO MP PP MP PK MP
------------------------------------------------------------------------------------
Alex Whelan 0 1 1 1 2 2 2 0 0 1 0/0 10:32 0:26 0:00
Aliaksei Protas 0 0 0 -1 0 6 1 1 1 1 1/2 22:50 3:41 0:06
Anthony Angello 0 0 0 -1 5 2 1 0 0 0 0/0 13:54 1:47 0:00
Arttu Ruotsalainen 0 0 0 -1 2 3 1 2 2 0 18/34 21:39 3:40 0:06
Chase Pearson 0 1 1 1 0 1 2 0 0 0 0/0 11:53 0:33 0:10
Conor Timmins 0 1 1 0 0 1 1 3 0 0 0/0 26:53 4:26 0:06
Filip Kral 0 1 1 1 0 0 2 0 0 1 0/0 13:47 0:00 0:00
Ian Mitchell 0 0 0 0 0 1 0 4 1 1 0/0 26:53 4:26 0:06
James Hamblin 2 0 2 2 0 5 1 0 1 0 3/3 12:01 0:00 0:10
Jayden Halbgewachs 1 0 1 1 0 4 0 0 0 2 3/5 13:10 0:55 0:00
Joachim Blichfeld 0 0 0 -1 0 4 1 1 1 1 0/0 16:27 2:42 0:00
Johannes Kinnvall 0 0 0 1 0 1 1 0 0 0 0/0 13:47 0:00 0:00
John Ludvig 0 0 0 0 0 1 2 2 0 0 0/0 18:46 2:15 0:10
Jonatan Berggren 0 0 0 -1 0 2 1 1 1 0 0/0 19:47 3:35 0:00
Joseph Duszak 0 0 0 0 0 1 2 0 0 1 0/0 18:46 2:15 0:10
Nicholas Robertson 1 1 2 2 0 4 1 0 2 0 0/0 10:47 0:03 0:00
Tim Soderlund 0 1 1 2 0 1 0 0 0 1 0/0 10:13 0:00 0:00
Vasili Ponomarev 0 0 0 -1 5 3 2 1 0 0 2/8 13:53 2:40 0:00
3 Stars
1 - James Hamblin (NID)
2 - Alexey Toropchenko (CBO)
3 - Nicholas Robertson (NID)
Power Play
Cape Breton Oilers - 0 on 2 Attempt(s) - 0.00%
Niagara IceDogs - 0 on 6 Attempt(s) - 0.00%
Penalty Kill
Cape Breton Oilers - 6 on 6 Attempt(s) - 100.00%
- Score 0 goal in Penalty Kill
Niagara IceDogs - 2 on 2 Attempt(s) - 100.00%
- Score 0 goal in Penalty Kill
Team Stat
Cape Breton Oilers - Hits : 15 - Faceoff Wins : 25 - Blocked Shots : 10 - Penalty Minutes : 22
Niagara IceDogs - Hits : 21 - Faceoff Wins : 27 - Blocked Shots : 15 - Penalty Minutes : 14
Official
Referees : Eric Furlatt and Rob Martell
Linesman : Michel Cormier and Mike Cvik
Game Notes
Brandon Gignac is injured at 0:27 of 2nd period (Left Leg)
Anthony Angello and Parker Kelly fight to a draw at 4:20 of 3rd period
Parker Kelly beats up Vasili Ponomarev at 13:25 of 3rd period
Cape Breton Oilers
5 vs 5 Forward
Center Left Wing Right Wing Time % Phy DF OF
1 Jack McBain Carl Grundstrom Parker Kelly 40 1 2 2
2 Egor Afanasyev Brandon Gignac Alexey Toropchenko 30 1 2 2
3 Kody Clark Will Cuylle Hudson Fasching 20 1 2 2
4 Jack McBain Max Jones Kody Clark 10 1 2 2
5 vs 5 Defense
Defense Defense Time % Phy DF OF
1 Marcus Pettersson Juuso Valimaki 40 1 2 2
2 Kevin Bahl Vladislav Kolyachonok 30 1 2 2
3 Philip Broberg Leon Gawanke 20 1 2 2
4 J.D. Greenway Marcus Pettersson 10 1 2 2
PowerPlay Forward
Center Left Wing Right Wing Time % Phy DF OF
1 Jack McBain Carl Grundstrom Parker Kelly 60 1 2 2
2 Egor Afanasyev Brandon Gignac Alexey Toropchenko 40 1 2 2
PowerPlay Defense
Defense Defense Time % Phy DF OF
1 Marcus Pettersson Juuso Valimaki 60 1 2 2
2 Kevin Bahl Vladislav Kolyachonok 40 1 2 2
Penalty Kill 4 Players Forward
Center Wing Time % Phy DF OF
1 Jack McBain Carl Grundstrom 60 1 2 2
2 Parker Kelly Alexey Toropchenko 40 1 2 2
Penalty Kill 4 Players Defense
Defense Defense Time % Phy DF OF
1 Marcus Pettersson Juuso Valimaki 60 1 2 2
2 Kevin Bahl Vladislav Kolyachonok 40 1 2 2
Penalty Kill - 3 Players Forward
Forward Time % Phy DF OF
1 Jack McBain 60 1 2 2
2 Carl Grundstrom 40 1 2 2
Penalty Kill - 3 Players Defense
Defense Defense Time % Phy DF OF
1 Marcus Pettersson Juuso Valimaki 60 1 2 2
2 Kevin Bahl Vladislav Kolyachonok 40 1 2 2
4 vs 4 Forward
Center Wing Time % Phy DF OF
1 Jack McBain Carl Grundstrom 60 1 2 2
2 Parker Kelly Alexey Toropchenko 40 1 2 2
4 vs 4 Defense
Defense Defense Time % Phy DF OF
1 Marcus Pettersson Juuso Valimaki 60 1 2 2
2 Kevin Bahl Vladislav Kolyachonok 40 1 2 2
Last Minutes Offensive
Center Left Wing Right Wing Defense Defense
Jack McBain Carl Grundstrom Parker Kelly Marcus Pettersson Juuso Valimaki
Last Minutes Defensive
Center Left Wing Right Wing Defense Defense
Jack McBain Carl Grundstrom Parker Kelly Marcus Pettersson Juuso Valimaki
Goaltenders
Starting : Matthew Villalta
Backup : Jack LaFontaine
Extra Forwards
Normal : Luke Evangelista, Hudson Fasching, Will Cuylle - PP : Luke Evangelista, Hudson Fasching - PK : Will Cuylle
Extra Defensemen
Normal : Philip Broberg, Leon Gawanke, J.D. Greenway - PP : Philip Broberg - PK : Leon Gawanke, J.D. Greenway
Penalty Shots
Jack McBain, Carl Grundstrom, Parker Kelly, Alexey Toropchenko, Egor Afanasyev
Niagara IceDogs
5 vs 5 Forward
Center Left Wing Right Wing Time % Phy DF OF
1 Arttu Ruotsalainen Aliaksei Protas Jonatan Berggren 40 1 2 2
2 Vasili Ponomarev Joachim Blichfeld Anthony Angello 30 1 2 2
3 Jayden Halbgewachs Chase Pearson Alex Whelan 20 1 2 2
4 James Hamblin Nicholas Robertson Tim Soderlund 10 1 2 2
5 vs 5 Defense
Defense Defense Time % Phy DF OF
1 Ian Mitchell Conor Timmins 40 1 2 2
2 John Ludvig Joseph Duszak 30 1 2 2
3 Filip Kral Johannes Kinnvall 20 1 2 2
4 Ian Mitchell Conor Timmins 10 1 2 2
PowerPlay Forward
Center Left Wing Right Wing Time % Phy DF OF
1 Arttu Ruotsalainen Aliaksei Protas Jonatan Berggren 60 1 2 2
2 Vasili Ponomarev Joachim Blichfeld Anthony Angello 40 1 2 2
PowerPlay Defense
Defense Defense Time % Phy DF OF
1 Ian Mitchell Conor Timmins 60 1 2 2
2 John Ludvig Joseph Duszak 40 1 2 2
Penalty Kill 4 Players Forward
Center Wing Time % Phy DF OF
1 Arttu Ruotsalainen Aliaksei Protas 60 1 2 2
2 Jonatan Berggren Joachim Blichfeld 40 1 2 2
Penalty Kill 4 Players Defense
Defense Defense Time % Phy DF OF
1 Ian Mitchell Conor Timmins 60 1 2 2
2 John Ludvig Joseph Duszak 40 1 2 2
Penalty Kill - 3 Players Forward
Forward Time % Phy DF OF
1 Arttu Ruotsalainen 60 1 2 2
2 Aliaksei Protas 40 1 2 2
Penalty Kill - 3 Players Defense
Defense Defense Time % Phy DF OF
1 Ian Mitchell Conor Timmins 60 1 2 2
2 John Ludvig Joseph Duszak 40 1 2 2
4 vs 4 Forward
Center Wing Time % Phy DF OF
1 Arttu Ruotsalainen Aliaksei Protas 60 1 2 2
2 Jonatan Berggren Joachim Blichfeld 40 1 2 2
4 vs 4 Defense
Defense Defense Time % Phy DF OF
1 Ian Mitchell Conor Timmins 60 1 2 2
2 John Ludvig Joseph Duszak 40 1 2 2
Last Minutes Offensive
Center Left Wing Right Wing Defense Defense
Arttu Ruotsalainen Aliaksei Protas Jonatan Berggren Ian Mitchell Conor Timmins
Last Minutes Defensive
Center Left Wing Right Wing Defense Defense
Arttu Ruotsalainen Aliaksei Protas Jonatan Berggren Ian Mitchell Conor Timmins
Goaltenders
Starting : Dylan Ferguson
Backup : Michael Dipietro
Extra Forwards
Normal : Jayden Halbgewachs, Chase Pearson, James Hamblin - PP : Jayden Halbgewachs, Chase Pearson - PK : James Hamblin
Extra Defensemen
Normal : Filip Kral, Johannes Kinnvall, John Ludvig - PP : Filip Kral - PK : Johannes Kinnvall, John Ludvig
Penalty Shots
Arttu Ruotsalainen, Aliaksei Protas, Jonatan Berggren, Joachim Blichfeld, Vasili Ponomarev
% Time on Ice - Cape Breton Oilers
Lines # - Real PCT - Wanted PCT - Time Play
Normal Forward
1 - 34% - 40% - 16:39
2 - 36% - 30% - 17:12
3 - 22% - 20% - 10:35
4 - 8% - 10% - 3:53
Normal Defense
1 - 34% - 40% - 16:25
2 - 30% - 30% - 14:19
3 - 26% - 20% - 12:48
4 - 10% - 10% - 4:47
PP Forward
1 - 100% - 60% - 0:16
2 - 0% - 40% - 0:00
PP Defense
1 - 38% - 60% - 0:06
2 - 63% - 40% - 0:10
PK Forward
1 - 74% - 60% - 3:48
2 - 26% - 40% - 1:22
PK Defense
1 - 62% - 60% - 3:13
2 - 38% - 40% - 1:57
PK3 Forward
1 - 81% - 60% - 1:14
2 - 19% - 40% - 0:17
PK3 Defense
1 - 51% - 60% - 0:46
2 - 49% - 40% - 0:45
44 Forward
1 - 73% - 60% - 2:42
2 - 27% - 40% - 1:00
44 Defense
1 - 63% - 60% - 2:20
2 - 37% - 40% - 1:22
Last Minute Offensive - 1:02
Last Minute Defensive - 0:00
Total
Forward - 60:00
Defense - 60:00
|
% Time on Ice - Niagara IceDogs
Lines # - Real PCT - Wanted PCT - Time Play
Normal Forward
1 - 31% - 40% - 14:54
2 - 31% - 30% - 14:43
3 - 18% - 20% - 8:45
4 - 20% - 10% - 9:46
Normal Defense
1 - 39% - 40% - 18:44
2 - 30% - 30% - 14:21
3 - 29% - 20% - 13:47
4 - 3% - 10% - 1:16
PP Forward
1 - 59% - 60% - 3:56
2 - 41% - 40% - 2:45
PP Defense
1 - 66% - 60% - 4:26
2 - 34% - 40% - 2:15
PK Forward
1 - 100% - 60% - 0:16
2 - 0% - 40% - 0:00
PK Defense
1 - 38% - 60% - 0:06
2 - 63% - 40% - 0:10
PK3 Forward
1 - 0% - 60%
2 - 0% - 40%
PK3 Defense
1 - 0% - 60%
2 - 0% - 40%
44 Forward
1 - 82% - 60% - 3:02
2 - 18% - 40% - 0:40
44 Defense
1 - 51% - 60% - 1:54
2 - 49% - 40% - 1:48
Last Minute Offensive - 0:00
Last Minute Defensive - 1:13
Total
Forward - 60:00
Defense - 60:00
|
Play-by-Play
1st period
0:01 of 1st period - Carl Grundstrom wins face-off versus Arttu Ruotsalainen in neutral zone.
0:04 of 1st period - Slapshot by Parker Kelly.
0:04 of 1st period - Stopped by Dylan Ferguson with a rebound.
0:23 of 1st period - Icing by Ian Mitchell.
0:24 of 1st period - Arttu Ruotsalainen wins face-off versus Egor Afanasyev in Niagara IceDogs zone.
0:24 of 1st period - Arttu Ruotsalainen is hit by Kevin Bahl.
0:38 of 1st period - Joachim Blichfeld is hit by Kevin Bahl and loses puck.
0:58 of 1st period - Slapshot by Vladislav Kolyachonok.
0:58 of 1st period - Stopped by Dylan Ferguson with a rebound.
1:52 of 1st period - Marcus Pettersson is hit by Vasili Ponomarev and loses puck.
2:05 of 1st period - Jack McBain is hit by Filip Kral and loses puck.
2:42 of 1st period - Snap shot by Carl Grundstrom.
2:42 of 1st period - Stopped by Dylan Ferguson without a rebound.
2:43 of 1st period - Arttu Ruotsalainen wins face-off versus Luke Evangelista in Niagara IceDogs zone.
3:56 of 1st period - Wrist shot by Hudson Fasching.
3:56 of 1st period - Stopped by Dylan Ferguson without a rebound.
3:57 of 1st period - Arttu Ruotsalainen wins face-off versus Jack McBain in Niagara IceDogs zone.
4:45 of 1st period - Icing by Vladislav Kolyachonok.
4:46 of 1st period - Egor Afanasyev wins face-off versus Jayden Halbgewachs in Cape Breton Oilers zone.
5:01 of 1st period - Snap shot by Jayden Halbgewachs.
5:01 of 1st period - Deflect By Alex Whelan.
5:01 of 1st period - Stopped by Matthew Villalta with a rebound.
5:43 of 1st period - Wrist shot by Joachim Blichfeld.
5:43 of 1st period - Stopped by Matthew Villalta with a rebound.
5:55 of 1st period - Snap shot by Brandon Gignac.
5:55 of 1st period - Stopped by Dylan Ferguson with a rebound.
5:57 of 1st period - Snap shot by Alexey Toropchenko.
5:57 of 1st period - Shot Blocked by John Ludvig.
5:59 of 1st period - Slapshot by Alexey Toropchenko.
5:59 of 1st period - Deflect By Egor Afanasyev.
5:59 of 1st period - Stopped by Dylan Ferguson without a rebound.
6:00 of 1st period - Egor Afanasyev wins face-off versus Arttu Ruotsalainen in Niagara IceDogs zone.
6:01 of 1st period - Wrist shot by Alexey Toropchenko.
6:01 of 1st period - Stopped by Dylan Ferguson with a rebound.
6:03 of 1st period - Slapshot by Juuso Valimaki.
6:03 of 1st period - Stopped by Dylan Ferguson with a rebound.
6:09 of 1st period - Snap shot by Brandon Gignac.
6:09 of 1st period - Deflect By Egor Afanasyev.
6:09 of 1st period - Stopped by Dylan Ferguson with a rebound.
6:23 of 1st period - Jack McBain is hit by Vasili Ponomarev and loses puck.
6:28 of 1st period - Slapshot by Vasili Ponomarev.
6:28 of 1st period - Stopped by Matthew Villalta with a rebound.
6:56 of 1st period - Snap shot by Hudson Fasching.
6:56 of 1st period - Stopped by Dylan Ferguson with a rebound.
7:28 of 1st period - Parker Kelly is hit by Aliaksei Protas and loses puck.
7:45 of 1st period - Slapshot by Joachim Blichfeld.
7:45 of 1st period - Stopped by Matthew Villalta without a rebound.
7:46 of 1st period - Jack McBain wins face-off versus Vasili Ponomarev in Cape Breton Oilers zone.
7:51 of 1st period - Wrist shot by Kody Clark.
7:51 of 1st period - Shot Misses the Net.
8:09 of 1st period - Snap shot by Aliaksei Protas.
8:09 of 1st period - Shot Misses the Net.
8:28 of 1st period - Snap shot by James Hamblin.
8:28 of 1st period - Shot Misses the Net.
8:30 of 1st period - Slapshot by Johannes Kinnvall.
8:30 of 1st period - Stopped by Matthew Villalta without a rebound.
8:31 of 1st period - James Hamblin wins face-off versus Jack McBain in Cape Breton Oilers zone.
9:23 of 1st period - Wrist shot by Carl Grundstrom.
9:23 of 1st period - Shot Misses the Net.
10:28 of 1st period - Snap shot by Carl Grundstrom.
10:28 of 1st period - Shot Misses the Net.
10:36 of 1st period - Philip Broberg is hit by Filip Kral and loses puck.
10:43 of 1st period - Wrist shot by Nicholas Robertson.
10:43 of 1st period - Shot Misses the Net.
10:57 of 1st period - Wrist shot by James Hamblin.
10:57 of 1st period - Shot Misses the Net.
11:07 of 1st period - Minor Penalty to Parker Kelly for Hooking.
11:08 of 1st period - Will Cuylle wins face-off versus Arttu Ruotsalainen in Cape Breton Oilers zone.
13:00 of 1st period - Kevin Bahl is hit by Chase Pearson and loses puck.
13:07 of 1st period - Penalty to Parker Kelly is over, Parker Kelly is back on ice.
13:13 of 1st period - Vladislav Kolyachonok is hit by Alex Whelan and loses puck.
13:37 of 1st period - Icing by Aliaksei Protas.
13:38 of 1st period - Vasili Ponomarev wins face-off versus Kody Clark in Niagara IceDogs zone.
14:25 of 1st period - Joachim Blichfeld is hit by Kody Clark and loses puck.
15:02 of 1st period - Jack McBain is hit by Arttu Ruotsalainen and loses puck.
15:37 of 1st period - Johannes Kinnvall is hit by Juuso Valimaki and loses puck.
17:51 of 1st period - Anthony Angello is hit by Brandon Gignac and loses puck.
19:11 of 1st period - Icing by Carl Grundstrom.
19:12 of 1st period - Arttu Ruotsalainen wins face-off versus Egor Afanasyev in Cape Breton Oilers zone.
19:15 of 1st period - Snap shot by Aliaksei Protas.
19:15 of 1st period - Stopped by Matthew Villalta with a rebound.
19:17 of 1st period - Wrist shot by Alex Whelan.
19:17 of 1st period - Shot Misses the Net.
19:19 of 1st period - Snap shot by Jayden Halbgewachs.
19:19 of 1st period - Shot Misses the Net.
19:51 of 1st period - Anthony Angello is hit by Kody Clark and loses puck.
Goals for this period are 0 for Cape Breton Oilers vs 0 for Niagara IceDogs.
Shots for this period are 10 for Cape Breton Oilers vs 6 for Niagara IceDogs.
2nd period
0:01 of 2nd period - Carl Grundstrom wins face-off versus Arttu Ruotsalainen in neutral zone.
0:08 of 2nd period - Slapshot by Jack McBain.
0:08 of 2nd period - Shot Misses the Net.
0:10 of 2nd period - Snap shot by Jack McBain.
0:10 of 2nd period - Stopped by Dylan Ferguson with a rebound.
0:12 of 2nd period - Wrist shot by Jack McBain.
0:12 of 2nd period - Shot Blocked by Arttu Ruotsalainen.
0:14 of 2nd period - Wrist shot by Carl Grundstrom.
0:14 of 2nd period - Shot Blocked by Conor Timmins.
0:26 of 2nd period - Brandon Gignac is hit by Anthony Angello and loses puck.
0:27 of 2nd period - Brandon Gignac from Cape Breton Oilers is injured at 0:27 of 2nd period (Left Leg).
0:28 of 2nd period - Jack McBain wins face-off versus Arttu Ruotsalainen in Cape Breton Oilers zone.
0:41 of 2nd period - Wrist shot by Jack McBain.
0:41 of 2nd period - Deflect By Parker Kelly.
0:41 of 2nd period - Shot Misses the Net.
0:41 of 2nd period - Puck is out of play.
0:42 of 2nd period - Egor Afanasyev wins face-off versus Vasili Ponomarev in Niagara IceDogs zone.
0:57 of 2nd period - Wrist shot by Vasili Ponomarev.
0:57 of 2nd period - Shot Blocked by Egor Afanasyev.
1:49 of 2nd period - Kevin Bahl is hit by Nicholas Robertson and loses puck.
2:27 of 2nd period - Snap shot by Arttu Ruotsalainen.
2:27 of 2nd period - Shot Misses the Net.
3:35 of 2nd period - Wrist shot by James Hamblin.
3:35 of 2nd period - Shot Misses the Net.
3:41 of 2nd period - Wrist shot by James Hamblin.
3:41 of 2nd period - Shot Blocked by Hudson Fasching.
3:43 of 2nd period - Slapshot by James Hamblin.
3:43 of 2nd period - Goal by James Hamblin - Cape Breton Oilers : 0 - Niagara IceDogs : 1.
3:44 of 2nd period - Arttu Ruotsalainen wins face-off versus Jack McBain in neutral zone.
4:09 of 2nd period - Jonatan Berggren is hit by Hudson Fasching and loses puck.
5:18 of 2nd period - Wrist shot by Jack McBain.
5:18 of 2nd period - Stopped by Dylan Ferguson with a rebound.
6:18 of 2nd period - Snap shot by Nicholas Robertson.
6:18 of 2nd period - Goal by Nicholas Robertson - Cape Breton Oilers : 0 - Niagara IceDogs : 2.
6:19 of 2nd period - Jack McBain wins face-off versus Arttu Ruotsalainen in neutral zone.
6:28 of 2nd period - Snap shot by Carl Grundstrom.
6:28 of 2nd period - Shot Misses the Net.
7:09 of 2nd period - Wrist shot by Jayden Halbgewachs.
7:09 of 2nd period - Shot Blocked by Vladislav Kolyachonok.
7:53 of 2nd period - Snap shot by Aliaksei Protas.
7:53 of 2nd period - Stopped by Matthew Villalta with a rebound.
8:07 of 2nd period - Will Cuylle is hit by Joachim Blichfeld and loses puck.
8:28 of 2nd period - Slapshot by Marcus Pettersson.
8:28 of 2nd period - Shot Blocked by Ian Mitchell.
8:30 of 2nd period - Snap shot by Jack McBain.
8:30 of 2nd period - Shot Misses the Net.
8:32 of 2nd period - Slapshot by Marcus Pettersson.
8:32 of 2nd period - Deflect By Parker Kelly.
8:32 of 2nd period - Stopped by Dylan Ferguson with a rebound.
8:34 of 2nd period - Slapshot by Parker Kelly.
8:34 of 2nd period - Shot Blocked by Conor Timmins.
8:40 of 2nd period - Minor Penalty to Alex Whelan for Tripping.
8:41 of 2nd period - Arttu Ruotsalainen wins face-off versus Jack McBain in Niagara IceDogs zone.
8:46 of 2nd period - Minor Penalty to Marcus Pettersson for Slashing.
8:47 of 2nd period - Aliaksei Protas wins face-off versus Jack McBain in Cape Breton Oilers zone.
8:54 of 2nd period - Slapshot by Arttu Ruotsalainen.
8:54 of 2nd period - Shot Misses the Net.
8:56 of 2nd period - Wrist shot by Ian Mitchell.
8:56 of 2nd period - Stopped by Matthew Villalta without a rebound.
8:57 of 2nd period - Arttu Ruotsalainen wins face-off versus Jack McBain in Cape Breton Oilers zone.
8:58 of 2nd period - Slapshot by Aliaksei Protas.
8:58 of 2nd period - Stopped by Matthew Villalta without a rebound.
8:59 of 2nd period - Arttu Ruotsalainen wins face-off versus Jack McBain in Cape Breton Oilers zone.
9:04 of 2nd period - Snap shot by Arttu Ruotsalainen.
9:04 of 2nd period - Shot Blocked by Juuso Valimaki.
9:48 of 2nd period - Kevin Bahl is hit by John Ludvig and loses puck.
9:54 of 2nd period - Icing by Alexey Toropchenko.
9:55 of 2nd period - Arttu Ruotsalainen wins face-off versus Parker Kelly in Cape Breton Oilers zone.
10:16 of 2nd period - Snap shot by Joachim Blichfeld.
10:16 of 2nd period - Shot Misses the Net.
10:40 of 2nd period - Penalty to Alex Whelan is over, Alex Whelan is back on ice.
10:46 of 2nd period - Penalty to Marcus Pettersson is over, Marcus Pettersson is back on ice.
10:48 of 2nd period - Wrist shot by Aliaksei Protas.
10:48 of 2nd period - Stopped by Matthew Villalta without a rebound.
10:49 of 2nd period - Jayden Halbgewachs wins face-off versus Kody Clark in Cape Breton Oilers zone.
10:56 of 2nd period - Snap shot by Chase Pearson.
10:56 of 2nd period - Shot Misses the Net.
11:14 of 2nd period - Wrist shot by Vasili Ponomarev.
11:14 of 2nd period - Stopped by Matthew Villalta with a rebound.
11:20 of 2nd period - Snap shot by Joachim Blichfeld.
11:20 of 2nd period - Stopped by Matthew Villalta with a rebound.
11:26 of 2nd period - Snap shot by Juuso Valimaki.
11:26 of 2nd period - Stopped by Dylan Ferguson without a rebound.
11:27 of 2nd period - Egor Afanasyev wins face-off versus Aliaksei Protas in Niagara IceDogs zone.
11:30 of 2nd period - Wrist shot by Alexey Toropchenko.
11:30 of 2nd period - Goal by Alexey Toropchenko - Cape Breton Oilers : 1 - Niagara IceDogs : 2.
11:31 of 2nd period - Carl Grundstrom wins face-off versus Arttu Ruotsalainen in neutral zone.
11:36 of 2nd period - Snap shot by Jack McBain.
11:36 of 2nd period - Shot Blocked by Arttu Ruotsalainen.
11:42 of 2nd period - Ian Mitchell is hit by Marcus Pettersson and loses puck.
12:16 of 2nd period - Snap shot by Jayden Halbgewachs.
12:16 of 2nd period - Stopped by Matthew Villalta with a rebound.
12:36 of 2nd period - Snap shot by James Hamblin.
12:36 of 2nd period - Shot Blocked by Vladislav Kolyachonok.
12:38 of 2nd period - Slapshot by Tim Soderlund.
12:38 of 2nd period - Stopped by Matthew Villalta with a rebound.
12:40 of 2nd period - Backhand shot by Nicholas Robertson.
12:40 of 2nd period - Stopped by Matthew Villalta with a rebound.
12:42 of 2nd period - Snap shot by James Hamblin.
12:42 of 2nd period - Stopped by Matthew Villalta with a rebound.
12:44 of 2nd period - Snap shot by James Hamblin.
12:44 of 2nd period - Shot Blocked by Kevin Bahl.
12:46 of 2nd period - Slapshot by James Hamblin.
12:46 of 2nd period - Stopped by Matthew Villalta with a rebound.
12:55 of 2nd period - Off-side.
12:56 of 2nd period - Arttu Ruotsalainen wins face-off versus Egor Afanasyev in neutral zone.
12:59 of 2nd period - Juuso Valimaki is hit by Johannes Kinnvall and loses puck.
14:41 of 2nd period - Snap shot by Joachim Blichfeld.
14:41 of 2nd period - Stopped by Matthew Villalta with a rebound.
14:43 of 2nd period - Slapshot by Anthony Angello.
14:43 of 2nd period - Stopped by Matthew Villalta with a rebound.
14:45 of 2nd period - Snap shot by Anthony Angello.
14:45 of 2nd period - Stopped by Matthew Villalta with a rebound.
14:47 of 2nd period - Snap shot by Anthony Angello.
14:47 of 2nd period - Shot Blocked by Parker Kelly.
14:49 of 2nd period - Snap shot by Vasili Ponomarev.
14:49 of 2nd period - Stopped by Matthew Villalta with a rebound.
15:07 of 2nd period - Snap shot by Alex Whelan.
15:07 of 2nd period - Stopped by Matthew Villalta with a rebound.
15:09 of 2nd period - Wrist shot by Alex Whelan.
15:09 of 2nd period - Deflect By Jayden Halbgewachs.
15:09 of 2nd period - Stopped by Matthew Villalta with a rebound.
15:27 of 2nd period - Wrist shot by Alexey Toropchenko.
15:27 of 2nd period - Shot Misses the Net.
16:58 of 2nd period - Icing by Filip Kral.
16:59 of 2nd period - Arttu Ruotsalainen wins face-off versus Carl Grundstrom in Niagara IceDogs zone.
17:50 of 2nd period - Wrist shot by Jayden Halbgewachs.
17:50 of 2nd period - Stopped by Matthew Villalta with a rebound.
17:52 of 2nd period - Wrist shot by Alex Whelan.
17:52 of 2nd period - Shot Misses the Net.
17:54 of 2nd period - Slapshot by Jayden Halbgewachs.
17:54 of 2nd period - Shot Hit the Post.
17:56 of 2nd period - Wrist shot by Jayden Halbgewachs.
17:56 of 2nd period - Shot Misses the Net.
17:58 of 2nd period - Slapshot by Jayden Halbgewachs.
17:58 of 2nd period - Goal by Jayden Halbgewachs - Cape Breton Oilers : 1 - Niagara IceDogs : 3.
17:59 of 2nd period - Jack McBain wins face-off versus Arttu Ruotsalainen in neutral zone.
18:02 of 2nd period - Snap shot by Carl Grundstrom.
18:02 of 2nd period - Stopped by Dylan Ferguson without a rebound.
18:03 of 2nd period - Jack McBain wins face-off versus Arttu Ruotsalainen in Niagara IceDogs zone.
18:40 of 2nd period - Minor Penalty to Luke Evangelista for Hooking.
18:41 of 2nd period - Jack McBain wins face-off versus Arttu Ruotsalainen in Cape Breton Oilers zone.
18:50 of 2nd period - Minor Penalty to Arttu Ruotsalainen for High sticking.
18:51 of 2nd period - Jack McBain wins face-off versus Jayden Halbgewachs in Niagara IceDogs zone.
19:17 of 2nd period - Marcus Pettersson is hit by Chase Pearson and loses puck.
19:51 of 2nd period - Icing by John Ludvig.
19:52 of 2nd period - Jayden Halbgewachs wins face-off versus Jack McBain in Niagara IceDogs zone.
Goals for this period are 1 for Cape Breton Oilers vs 3 for Niagara IceDogs.
Shots for this period are 6 for Cape Breton Oilers vs 21 for Niagara IceDogs.
3rd period
0:01 of 3rd period - Jayden Halbgewachs wins face-off versus Carl Grundstrom in neutral zone.
0:16 of 3rd period - Wrist shot by Jack McBain.
0:16 of 3rd period - Shot Misses the Net.
0:40 of 3rd period - Penalty to Luke Evangelista is over, Luke Evangelista is back on ice.
0:48 of 3rd period - Snap shot by Carl Grundstrom.
0:48 of 3rd period - Stopped by Dylan Ferguson with a rebound.
0:50 of 3rd period - Penalty to Arttu Ruotsalainen is over, Arttu Ruotsalainen is back on ice.
0:54 of 3rd period - Arttu Ruotsalainen is hit by Kevin Bahl and loses puck.
1:01 of 3rd period - Slapshot by John Ludvig.
1:01 of 3rd period - Deflect By Vladislav Kolyachonok.
1:01 of 3rd period - Stopped by Matthew Villalta with a rebound.
1:03 of 3rd period - Snap shot by Arttu Ruotsalainen.
1:03 of 3rd period - Shot Misses the Net.
1:05 of 3rd period - Snap shot by Joseph Duszak.
1:05 of 3rd period - Deflect By Carl Grundstrom.
1:05 of 3rd period - Stopped by Matthew Villalta without a rebound.
1:06 of 3rd period - Egor Afanasyev wins face-off versus Vasili Ponomarev in Cape Breton Oilers zone.
1:11 of 3rd period - Slapshot by Marcus Pettersson.
1:11 of 3rd period - Deflect By Egor Afanasyev.
1:11 of 3rd period - Shot Blocked by Ian Mitchell.
1:11 of 3rd period - Puck is out of play.
1:12 of 3rd period - Egor Afanasyev wins face-off versus Vasili Ponomarev in Niagara IceDogs zone.
1:15 of 3rd period - Backhand shot by Alexey Toropchenko.
1:15 of 3rd period - Goal by Alexey Toropchenko - Cape Breton Oilers : 2 - Niagara IceDogs : 3.
1:16 of 3rd period - Jack McBain wins face-off versus Arttu Ruotsalainen in neutral zone.
1:19 of 3rd period - Slapshot by Marcus Pettersson.
1:19 of 3rd period - Shot Blocked by Conor Timmins.
1:30 of 3rd period - Minor Penalty to Parker Kelly for Hooking.
1:31 of 3rd period - Jack McBain wins face-off versus Arttu Ruotsalainen in Cape Breton Oilers zone.
1:45 of 3rd period - Wrist shot by Arttu Ruotsalainen.
1:45 of 3rd period - Stopped by Matthew Villalta with a rebound.
1:47 of 3rd period - Wrist shot by Conor Timmins.
1:47 of 3rd period - Stopped by Matthew Villalta with a rebound.
1:57 of 3rd period - Anthony Angello is hit by Jack McBain and loses puck.
2:20 of 3rd period - Kevin Bahl is hit by John Ludvig and loses puck.
3:19 of 3rd period - Slapshot by Alexey Toropchenko.
3:19 of 3rd period - Shot Blocked by Ian Mitchell.
3:30 of 3rd period - Penalty to Parker Kelly is over, Parker Kelly is back on ice.
3:31 of 3rd period - Will Cuylle is hit by Jonatan Berggren and loses puck.
3:42 of 3rd period - Snap shot by Marcus Pettersson.
3:42 of 3rd period - Shot Blocked by John Ludvig.
3:48 of 3rd period - Egor Afanasyev is hit by Joseph Duszak and loses puck.
4:03 of 3rd period - Snap shot by James Hamblin.
4:03 of 3rd period - Goal by James Hamblin - Cape Breton Oilers : 2 - Niagara IceDogs : 4.
4:04 of 3rd period - Jack McBain wins face-off versus Vasili Ponomarev in neutral zone.
4:19 of 3rd period - Wrist shot by Carl Grundstrom.
4:19 of 3rd period - Shot Blocked by Vasili Ponomarev.
4:20 of 3rd period - Anthony Angello and Parker Kelly fight to a draw.
4:20 of 3rd period - Penalty to Anthony Angello for Fighting.
4:20 of 3rd period - Penalty to Parker Kelly for Fighting.
4:21 of 3rd period - Jack McBain wins face-off versus Arttu Ruotsalainen in Niagara IceDogs zone.
4:22 of 3rd period - Wrist shot by Carl Grundstrom.
4:22 of 3rd period - Stopped by Dylan Ferguson with a rebound.
4:24 of 3rd period - Wrist shot by Carl Grundstrom.
4:24 of 3rd period - Shot Blocked by Ian Mitchell.
4:26 of 3rd period - Snap shot by Jack McBain.
4:26 of 3rd period - Stopped by Dylan Ferguson with a rebound.
5:07 of 3rd period - Wrist shot by Jack McBain.
5:07 of 3rd period - Shot Misses the Net.
5:09 of 3rd period - Snap shot by Vladislav Kolyachonok.
5:09 of 3rd period - Stopped by Dylan Ferguson without a rebound.
5:10 of 3rd period - Kody Clark wins face-off versus Arttu Ruotsalainen in Niagara IceDogs zone.
5:11 of 3rd period - Slapshot by Jack McBain.
5:11 of 3rd period - Shot Blocked by Aliaksei Protas.
5:17 of 3rd period - Slapshot by Aliaksei Protas.
5:17 of 3rd period - Stopped by Matthew Villalta without a rebound.
5:18 of 3rd period - Arttu Ruotsalainen wins face-off versus Egor Afanasyev in Cape Breton Oilers zone.
5:19 of 3rd period - Snap shot by Jonatan Berggren.
5:19 of 3rd period - Shot Misses the Net.
5:43 of 3rd period - Slapshot by Joachim Blichfeld.
5:43 of 3rd period - Shot Misses the Net.
5:45 of 3rd period - Snap shot by Vasili Ponomarev.
5:45 of 3rd period - Shot Blocked by Vladislav Kolyachonok.
5:47 of 3rd period - Snap shot by Vasili Ponomarev.
5:47 of 3rd period - Shot Blocked by Vladislav Kolyachonok.
6:07 of 3rd period - Wrist shot by Nicholas Robertson.
6:07 of 3rd period - Stopped by Matthew Villalta without a rebound.
6:08 of 3rd period - James Hamblin wins face-off versus Jack McBain in Cape Breton Oilers zone.
6:14 of 3rd period - Minor Penalty to Max Jones for Holding.
6:15 of 3rd period - Arttu Ruotsalainen wins face-off versus Jack McBain in Cape Breton Oilers zone.
6:29 of 3rd period - Wrist shot by Jonatan Berggren.
6:29 of 3rd period - Stopped by Matthew Villalta without a rebound.
6:30 of 3rd period - Arttu Ruotsalainen wins face-off versus Jack McBain in Cape Breton Oilers zone.
6:42 of 3rd period - Minor Penalty to Juuso Valimaki for Diving.
6:43 of 3rd period - Arttu Ruotsalainen wins face-off versus Jack McBain in Cape Breton Oilers zone.
6:43 of 3rd period - Snap shot by Jonatan Berggren.
6:43 of 3rd period - Stopped by Matthew Villalta without a rebound.
6:44 of 3rd period - Arttu Ruotsalainen wins face-off versus Jack McBain in Cape Breton Oilers zone.
7:48 of 3rd period - Slapshot by Vladislav Kolyachonok.
7:48 of 3rd period - Shot Misses the Net.
7:50 of 3rd period - Wrist shot by Kevin Bahl.
7:50 of 3rd period - Stopped by Dylan Ferguson with a rebound.
8:14 of 3rd period - Penalty to Max Jones is over, Max Jones is back on ice.
8:42 of 3rd period - Penalty to Juuso Valimaki is over, Juuso Valimaki is back on ice.
8:43 of 3rd period - Juuso Valimaki is hit by Alex Whelan.
9:08 of 3rd period - Joseph Duszak is hit by Vladislav Kolyachonok and loses puck.
9:46 of 3rd period - Philip Broberg is hit by James Hamblin.
9:47 of 3rd period - Icing by Philip Broberg.
9:48 of 3rd period - Arttu Ruotsalainen wins face-off versus Juuso Valimaki in Cape Breton Oilers zone.
10:14 of 3rd period - Wrist shot by Jack McBain.
10:14 of 3rd period - Stopped by Dylan Ferguson with a rebound.
11:06 of 3rd period - Jonatan Berggren is hit by Hudson Fasching and loses puck.
11:21 of 3rd period - Backhand shot by Chase Pearson.
11:21 of 3rd period - Shot Misses the Net.
11:51 of 3rd period - Arttu Ruotsalainen is hit by Vladislav Kolyachonok and loses puck.
12:02 of 3rd period - Wrist shot by Alex Whelan.
12:02 of 3rd period - Deflect By Chase Pearson.
12:02 of 3rd period - Stopped by Matthew Villalta with a rebound.
12:04 of 3rd period - Snap shot by Alex Whelan.
12:04 of 3rd period - Shot Blocked by Parker Kelly.
12:14 of 3rd period - Wrist shot by Nicholas Robertson.
12:14 of 3rd period - Stopped by Matthew Villalta without a rebound.
12:15 of 3rd period - James Hamblin wins face-off versus Jack McBain in Cape Breton Oilers zone.
12:27 of 3rd period - Off-side.
12:28 of 3rd period - Kody Clark wins face-off versus Arttu Ruotsalainen in neutral zone.
12:35 of 3rd period - Snap shot by Aliaksei Protas.
12:35 of 3rd period - Shot Misses the Net.
12:45 of 3rd period - Arttu Ruotsalainen is hit by Will Cuylle and loses puck.
13:10 of 3rd period - Snap shot by Hudson Fasching.
13:10 of 3rd period - Shot Blocked by Jonatan Berggren.
13:12 of 3rd period - Snap shot by Will Cuylle.
13:12 of 3rd period - Shot Misses the Net.
13:16 of 3rd period - Slapshot by Hudson Fasching.
13:16 of 3rd period - Stopped by Dylan Ferguson with a rebound.
13:18 of 3rd period - Slapshot by Hudson Fasching.
13:18 of 3rd period - Goal by Hudson Fasching - Cape Breton Oilers : 3 - Niagara IceDogs : 4.
13:19 of 3rd period - Jack McBain wins face-off versus Vasili Ponomarev in neutral zone.
13:24 of 3rd period - Wrist shot by Jack McBain.
13:24 of 3rd period - Shot Blocked by Joachim Blichfeld.
13:25 of 3rd period - Parker Kelly beats up Vasili Ponomarev.
13:25 of 3rd period - Penalty to Vasili Ponomarev for Fighting.
13:25 of 3rd period - Penalty to Parker Kelly for Fighting.
13:26 of 3rd period - Jack McBain wins face-off versus Arttu Ruotsalainen in Niagara IceDogs zone.
14:20 of 3rd period - Wrist shot by James Hamblin.
14:20 of 3rd period - Stopped by Matthew Villalta with a rebound.
14:34 of 3rd period - Juuso Valimaki is hit by Joseph Duszak and loses puck.
14:41 of 3rd period - Wrist shot by Aliaksei Protas.
14:41 of 3rd period - Shot Misses the Net.
15:23 of 3rd period - James Hamblin is hit by Vladislav Kolyachonok and loses puck.
18:02 of 3rd period - Max Jones is hit by Conor Timmins and loses puck.
18:34 of 3rd period - Icing by Vasili Ponomarev.
18:35 of 3rd period - Vasili Ponomarev wins face-off versus Parker Kelly in Niagara IceDogs zone.
18:52 of 3rd period - Slapshot by Arttu Ruotsalainen.
18:52 of 3rd period - Stopped by Matthew Villalta with a rebound.
19:50 of 3rd period - Snap shot by Aliaksei Protas.
19:50 of 3rd period - Stopped by Matthew Villalta with a rebound.
19:52 of 3rd period - Snap shot by Aliaksei Protas.
19:52 of 3rd period - Deflect By Arttu Ruotsalainen.
19:52 of 3rd period - Stopped by Matthew Villalta without a rebound.
19:53 of 3rd period - Sheldon Keefe call a timeout for Cape Breton Oilers.
19:53 of 3rd period - Arttu Ruotsalainen wins face-off versus Jack McBain in Cape Breton Oilers zone.
Goals for this period are 2 for Cape Breton Oilers vs 1 for Niagara IceDogs.
Shots for this period are 9 for Cape Breton Oilers vs 15 for Niagara IceDogs.
Back to the Top